 Dungeon Crawl Stone Soup version 0.31-a0-188-g5e087ee2ca (webtiles) character file.

Game seed: 10935614832159317178

52350 qw the Markself (level 14, -5/90 HPs)
             Began as a Deep Elf Hunter on June 23, 2023.
             Was an Elder of Okawaru.
             Succumbed to a black mamba's poison
             ... on level 5 of the Lair of Beasts.
             The game lasted 00:06:32 (15190 turns).

qw the Markself (Deep Elf Hunter)                  Turns: 15190, Time: 00:06:33

Health: -5/90      AC: 16    Str: 18    XL:     14   Next: 26%
Magic:  22/23      EV: 23    Int: 16    God:    Okawaru [****..]
Gold:   1095       SH:  0    Dex: 18    Spells: 13/13 levels left

rFire   + + .        u - +3 arbalest (heavy)
rCold   + . .        (shield currently unavailable)
rNeg    . . .        c - +2 ring mail {Will+}
rPois   .            q - +2 helmet
rElec   .            n - scarf {rC+ rF+}
rCorr   .            w - +0 pair of gloves
SInv    .            m - +0 pair of boots
Will    ++...        l - amulet of faith
Stlth   ++++         Y - ring of protection from fire
HPRegen 0.35/turn    v - +6 ring of strength
MPRegen 0.18/turn

%: faith
@: lethally poisoned (-5 -> -52), heroic
A: camouflage 1, wild magic 1, MP-powered wands
a: Renounce Religion, Heroism, Finesse


You were on level 5 of the Lair of Beasts.
You worshipped Okawaru.
Okawaru was greatly pleased with you.
You visited 2 branches of the dungeon, and saw 16 of its levels.
You also visited: Ossuary.

You collected 1495 gold pieces.
You spent 400 gold pieces at shops.


Innate Abilities, Weirdness & Mutations

Your skin changes colour to match your surroundings (Stealth+).
Your spells are a little harder to cast, but a little more powerful.
You expend magic power (3 MP) to strengthen your wands.


   Skills:
 - Level 11.0(16.0) Fighting
 - Level 18.0(23.0) Ranged Weapons
 - Level 6.1(11.1) Armour
 + Level 15.3(20.3) Dodging
 - Level 1.2(6.2) Stealth
 - Level 10.1 Invocations


You had 13 spell levels left.
You didn't know any spells.
Your spell library was empty.

Inventory:

Hand Weapons
 u - a +3 heavy arbalest (weapon)
Armour
 c - a +2 ring mail of willpower (worn)
 m - a +0 pair of boots (worn)
 n - a scarf of resistance (worn)
 q - a +2 helmet (worn)
 s - a +0 troll leather armour
 w - a +0 pair of gloves (worn)
Jewellery
 b - a ring of protection from fire
 d - an amulet of regeneration
 l - an amulet of faith (around neck)
 r - the amulet "Syinut" {Acrobat rC+ Str+2 Stlth-}
   (You found it on level 10 of the Dungeon)

   [amulet of the acrobat]

   It increases your evasion while moving and waiting.
   Str:       It affects your strength (+2).
   rC:        It protects you from cold.
   Stlth:     It makes you less stealthy.
 v - a +6 ring of strength (right hand)
 Y - a ring of protection from fire (left hand)
Wands
 j - a wand of digging (7)
Scrolls
 h - 5 scrolls of identify
Potions
 a - 6 potions of mutation
 e - a potion of enlightenment
 f - 5 potions of curing
 i - 3 potions of might
 k - a potion of haste
 o - 2 potions of magic
 p - 3 potions of resistance
 t - 2 potions of cancellation

Dungeon Overview and Level Annotations

Branches:
Dungeon (11/15)            Temple (0/1) D:5            Lair (5/5) D:11
 Shoals (0/4) Lair:3        Snake (0/4) Lair:2          Orc (0/2) D:9
Ossuary (visited)
  Slime: Lair:4-5

Altars:
Ashenzari
Cheibriados
Dithmenos
Gozag
Hepliaklqana
Okawaru
Ru
Trog

Shops:
D:5 =

Portals:
Bailey: D:7

Annotations:
D:2 1 runed translucent door, Crazy Yiuf
D:11 3 runed translucent doors, Texkoz's ghost, journeyman KoHu


Message History

The black mamba poisons you! The black mamba misses you.
15184 ||| INVOKING Heroism.
You gain the combat prowess of a mighty hero.
You feel extremely sick. The blink frog completely misses you.
The blink frog misses you. The black mamba misses you.
The blink frog misses you. The blink frog hits you!
You shoot a bolt. The bolt hits the blink frog!!!
You kill the blink frog!
Okawaru accepts your kill.
You feel extremely sick. The black mamba bites you.
The black mamba completely misses you. The blink frog hits you.
The blink frog blinks!
The black mamba misses you.
You shoot a bolt.
The bolt closely misses the black mamba.
The bolt hits the blink frog!!!
You kill the blink frog!
Okawaru accepts your kill.
You feel very sick. The black mamba completely misses you.
The black mamba barely misses you. The black mamba misses you.
15187 ||| DRINKING potion of heal wounds.
You feel much better.
You feel sick. The black mamba barely misses you.
The black mamba completely misses you.
You shoot a bolt. The bolt hits the black mamba!!
The black mamba is almost dead.
You feel very sick. The black mamba bites you! The black mamba bites you.
The black mamba barely misses you.
You shoot a bolt. The bolt barely misses the black mamba.
You feel sick. The black mamba bites you!
You are lethally poisoned!
The black mamba poisons you! The black mamba closely misses you.
The black mamba bites you.
You are more poisoned.
The black mamba poisons you!
You shoot a bolt.
The bolt hits the black mamba but does no damage.
The black mamba is almost dead.
You die...

77..
77...
77...7
7....
7....
77...7
7...S77
7...@.77
7.%77..7
7$. 7..7
7$ 77.77
7. 77..7
7. 7.7
7..77 7.
.. 7..7
77. 7.
7.77 77..
77.777.77
7#~.


You could see a black mamba.

Vanquished Creatures
  5 hydras
  4 catoblepae (Lair:4)
  7 boulder beetles
  3 death yaks
  A skyshark (Lair:3)
  A lindwurm (Lair:4)
  An oklob plant (Lair:4)
  A merfolk siren (Lair:3)
  A smoke demon (Lair:5)
  Joseph (D:6)
  2 torpor snails (Lair:5)
  3 black mambas (Lair:4)
  A gargoyle (D:11)
  An unseen horror (D:11)
  8 cane toads
  3 rime drakes
  16 komodo dragons
  2 trolls
  4 polar bears
  21 dream sheep
  32 blink frogs
  Sigmund (D:2)
  8 small abominations (Lair:5)
  2 shadows
  2 wyverns
  Eustachio (D:5)
  45 yaks
  A wraith (D:9)
  A vampire (D:9)
  6 steam dragons
  7 vampire mosquitoes
  2 chaos spawn (Lair:5)
  7 basilisks
  2 nagas (Lair:2)
  An acid dragon (D:10)
  Duvessa (D:6)
  9 water moccasins
  2 sky beasts
  5 orc warriors
  3 black bears
  An ogre (D:6)
  19 wolves
  5 phantoms
  3 centaurs
  2 kobold brigands
  15 bullfrogs
  2 gnoll sergeants
  5 scorpions
  3 wights (D:8)
  Dowan (D:6)
  9 howler monkeys
  An electric eel (Lair:4)
  2 orc priests
  3 hounds
  A jelly (D:8)
  6 iguanas
  13 orc wizards
  7 hell rats (Lair:2)
  8 mummies (Ossuary)
  A gnoll (D:1)
  7 adders
  A shadow imp (D:8)
  3 white imps
  4 ufetubi
  5 dart slugs
  35 orcs
  5 bats
  9 endoplasms
  2 giant cockroaches (D:1)
  9 hobgoblins
  3 quokkas
  5 ball pythons
  5 frilled lizards
  2 gnoll zombies (Ossuary)
  12 goblins
  2 hobgoblin zombies (Ossuary)
  19 kobolds
  2 kobold zombies (Ossuary)
  2 orc zombies (Ossuary)
  4 rats
467 creatures vanquished.

Notes
Turn   | Place    | Note
-------+----------+-------------------------------------------
     0 | D:1      | qw the Deep Elf Hunter began the quest for the Orb.
     0 | D:1      | Reached XP level 1. HP: 12/12 MP: 3/3
     0 | D:1      | 0 ||| qw: Version: 0.3-a-9-g12657ce
     0 | D:1      | 0 ||| qw: Game counter: 3325
     0 | D:1      | 0 ||| qw: Always use a shield: true
     0 | D:1      | 0 ||| qw: God list: Okawaru
     0 | D:1      | 0 ||| qw: Allow faded altars: false
     0 | D:1      | 0 ||| qw: Do Orc after D:15 true
     0 | D:1      | 0 ||| qw: Do second Lair branch before Depths: true
     0 | D:1      | 0 ||| qw: Lair rune preference: random
     0 | D:1      | 0 ||| qw: Plans: Normal
     0 | D:1      | 0 ||| PLANNING D:1-11
    63 | D:1      | Reached XP level 2. HP: 16/16 MP: 4/4
   105 | D:1      | Reached skill level 6 in Ranged Weapons
   280 | D:1      | Reached XP level 3. HP: 20/20 MP: 5/5
   374 | D:1      | Reached skill level 7 in Ranged Weapons
   580 | D:1      | 580 ||| UPGRADING to amulet of regeneration.
   585 | D:1      | 585 ||| UPGRADING to ring of protection from fire.
   586 | D:1      | 586 ||| READING scroll labelled SELIMN LUOMUAK.
   587 | D:1      | 587 ||| DROPPING scroll of butterflies.
   734 | D:2      | Reached XP level 4. HP: 25/25 MP: 6/6
   814 | D:2      | Noticed Sigmund
   818 | D:2      | 818 ||| Stepping ~*~*~tactically~*~*~ (outnumbered).
   828 | D:2      | HP: 6/25 [something/puff of flame (3)]
   834 | D:2      | HP: 3/25 [something/puff of flame (4)]
   835 | D:2      | HP: 1/25 [something (3)]
   836 | D:2      | Killed Sigmund
   837 | D:2      | Reached skill level 9 in Ranged Weapons
   837 | D:2      | Reached XP level 5. HP: 2/29 MP: 7/7
   883 | D:2      | Found a faded altar of an unknown god.
  1154 | D:2      | Found a runed translucent door.
  1155 | D:2      | Noticed Crazy Yiuf
  1376 | D:2      | 1376 ||| UPGRADING to +0 ring mail.
  1386 | D:2      | 1386 ||| DROPPING +0 leather armour.
  1387 | D:2      | 1387 ||| READING scroll labelled AGAANE YFIREZ.
  1388 | D:2      | 1388 ||| DRINKING 2 smoky yellow potions.
  1388 | D:2      | Gained mutation: You expend magic power (3 MP) to
                  | strengthen your wands. [potion of mutation]
  1388 | D:2      | Gained mutation: Your spells are a little harder to cast,
                  | but a little more powerful. [potion of mutation]
  1388 | D:2      | Gained mutation: Your skin changes colour to match your
                  | surroundings (Stealth+). [potion of mutation]
  1389 | D:2      | 1389 ||| DRINKING 2 yellow potions.
  1422 | D:3      | Found an opulent altar of Gozag.
  1422 | D:3      | Found a sacrificial altar of Ru.
  1422 | D:3      | Found an iron altar of Okawaru.
  1423 | D:3      | 1423 ||| PLANNING OKAWARU WORSHIP
  1423 | D:3      | 1423 ||| STAIRDANCE
  1489 | D:3      | 1489 ||| STAIRDANCE
  1556 | D:3      | 1556 ||| STAIRDANCE
  1622 | D:3      | 1622 ||| STAIRDANCE
  1691 | D:3      | Found a broken altar of Ashenzari.
  1691 | D:3      | Found a shadowy altar of Dithmenos.
  1698 | D:3      | Became a worshipper of Warmaster Okawaru
  1699 | D:3      | 1699 ||| PLANNING D:1-11
  2081 | D:3      | 2081 ||| UPGRADING to +2 ring mail of willpower.
  2091 | D:3      | 2091 ||| DROPPING +0 ring mail.
  2092 | D:3      | 2092 ||| UPGRADING to +0 pair of boots.
  2097 | D:3      | 2097 ||| DROPPING amulet of magic regeneration.
  2098 | D:3      | 2098 ||| READING 2 scrolls of identify.
  2098 | D:3      | 2098 ||| IDENTIFYING fizzy grey potion
  2128 | D:4      | Reached XP level 6. HP: 35/35 MP: 8/8
  2190 | D:4      | Reached skill level 10 in Ranged Weapons
  2235 | D:4      | Found a snail-covered altar of Cheibriados.
  2325 | D:4      | Reached skill level 3 in Dodging
  2671 | D:4      | 2671 ||| FLEEEEING.
  2672 | D:4      | 2672 ||| FLEEEEING.
  2673 | D:4      | 2673 ||| FLEEEEING.
  2675 | D:4      | Reached XP level 7. HP: 38/40 MP: 9/9
  2679 | D:4      | Reached skill level 1 in Armour
  2804 | D:4      | 2804 ||| UPGRADING to ring of protection from fire.
  2805 | D:4      | 2805 ||| DROPPING ring of fire.
  2806 | D:4      | 2806 ||| READING scroll labelled MULOJEGEPU.
  2839 | D:5      | Entered Level 5 of the Dungeon
  2840 | D:5      | 2840 ||| PLANNING OSSUARY
  2854 | D:5      | Reached * piety under Okawaru
  2867 | D:5      | Reached skill level 1 in Invocations
  2908 | D:5      | Found a sand-covered staircase.
  2915 | Ossuary  | Entered an ossuary
  3099 | Ossuary  | 3099 ||| READING scroll labelled JYUTSEPREGG.
  3099 | Ossuary  | Identified a scroll of acquirement
  3099 | Ossuary  | 3099 ||| ACQUIRING +2 orcbow of draining
  3099 | Ossuary  | Acquired a +2 orcbow of draining
  3101 | Ossuary  | 3101 ||| SWAPPING to +2 orcbow of draining.
  3102 | Ossuary  | 3102 ||| DROPPING +0 shortbow.
  3103 | Ossuary  | 3103 ||| READING scroll labelled TOAFFI ENLU.
  3108 | Ossuary  | 3108 ||| READING scroll labelled ODIXEN SEOJEU.
  3109 | Ossuary  | 3109 ||| DRINKING 3 fizzy pink potions.
  3110 | Ossuary  | 3110 ||| DRINKING 2 amethyst potions.
  3111 | Ossuary  | 3111 ||| DRINKING 3 potions of curing.
  3111 | Ossuary  | 3111 ||| (to cure confusion)
  3112 | Ossuary  | 3112 ||| DROPPING potion of ambrosia.
  3131 | D:5      | 3131 ||| PLANNING D:1-11
  3149 | D:5      | Reached skill level 11 in Ranged Weapons
  3149 | D:5      | Reached skill level 3 in Invocations
  3257 | D:5      | 3257 ||| INVOKING Heroism.
  3336 | D:5      | Found a staircase to the Ecumenical Temple.
  3444 | D:5      | Found Lial's Jewellery Shoppe.
  3452 | D:5      | 3452 ||| BUYING amulet of faith (400 gold).
  3452 | D:5      | Bought an amulet of faith for 400 gold pieces
  3452 | D:5      | 3452 ||| SHOPLISTING ring of willpower (250 gold, have 97).
  3550 | D:5      | Noticed Eustachio
  3551 | D:5      | 3551 ||| INVOKING Heroism.
  3555 | D:5      | Killed Eustachio
  3556 | D:5      | Reached XP level 8. HP: 44/44 MP: 9/13
  3674 | D:5      | 3674 ||| UPGRADING to amulet of faith.
  3684 | D:5      | 3684 ||| READING scroll labelled JEWAIGETIX.
  3685 | D:5      | 3685 ||| READING 2 scrolls of identify.
  3685 | D:5      | 3685 ||| IDENTIFYING smoky red potion
  3686 | D:5      | 3686 ||| DROPPING potion of lignification.
  3736 | D:6      | Reached skill level 12 in Ranged Weapons
  3785 | D:6      | Reached skill level 3 in Fighting
  3834 | D:6      | Noticed a boulder beetle
  3835 | D:6      | 3835 ||| INVOKING Heroism.
  3851 | D:6      | Killed a boulder beetle
  3851 | D:6      | Reached ** piety under Okawaru
  3852 | D:6      | Reached skill level 14 in Ranged Weapons
  3852 | D:6      | Reached XP level 9. HP: 47/50 MP: 12/14
  3993 | D:6      | 3993 ||| Stepping ~*~*~tactically~*~*~ (outnumbered).
  4011 | D:6      | 4011 ||| FLEEEEING.
  4025 | D:6      | 4025 ||| FLEEEEING.
  4117 | D:6      | 4117 ||| INVOKING Heroism.
  4204 | D:6      | Reached *** piety under Okawaru
  4319 | D:6      | Noticed Duvessa
  4320 | D:6      | 4320 ||| INVOKING Heroism.
  4322 | D:6      | Noticed Dowan
  4323 | D:6      | Killed Duvessa
  4333 | D:6      | Killed Dowan
  4493 | D:6      | 4493 ||| READING scroll labelled EDAEME ROANLAAXT.
  4494 | D:6      | 4494 ||| READING scroll labelled TETYON OZANIH.
  4495 | D:6      | 4495 ||| DRINKING 2 ruby potions.
  4496 | D:6      | 4496 ||| DRINKING 2 metallic dark potions.
  4497 | D:6      | 4497 ||| READING 3 scrolls of identify.
  4497 | D:6      | 4497 ||| IDENTIFYING grey potion
  4498 | D:6      | 4498 ||| READING 2 scrolls of identify.
  4498 | D:6      | 4498 ||| IDENTIFYING black potion
  4499 | D:6      | 4499 ||| DROPPING potion of berserk rage.
  4500 | D:6      | 4500 ||| DROPPING potion of degeneration.
  4516 | D:7      | Noticed Joseph
  4522 | D:7      | 4522 ||| INVOKING Heroism.
  4523 | D:7      | 4523 ||| STAIRDANCE
  4529 | D:6      | Killed Joseph
  4530 | D:6      | Reached skill level 15 in Ranged Weapons
  4680 | D:7      | 4680 ||| Stepping ~*~*~tactically~*~*~ (outnumbered).
  4684 | D:7      | 4684 ||| Stepping ~*~*~tactically~*~*~ (outnumbered).
  4687 | D:7      | 4687 ||| Stepping ~*~*~tactically~*~*~ (outnumbered).
  4924 | D:7      | Found a flagged portal.
  4925 | D:7      | 4925 ||| Stepping ~*~*~tactically~*~*~ (water).
  4926 | D:7      | 4926 ||| Stepping ~*~*~tactically~*~*~ (outnumbered).
  5041 | D:7      | 5041 ||| FLEEEEING.
  5042 | D:7      | 5042 ||| FLEEEEING.
  5043 | D:7      | 5043 ||| FLEEEEING.
  5044 | D:7      | 5044 ||| FLEEEEING.
  5045 | D:7      | 5045 ||| FLEEEEING.
  5046 | D:7      | 5046 ||| FLEEEEING.
  5047 | D:7      | 5047 ||| FLEEEEING.
  5048 | D:7      | 5048 ||| FLEEEEING.
  5049 | D:7      | 5049 ||| FLEEEEING.
  5050 | D:7      | 5050 ||| STAIRDANCE
  5056 | D:6      | 5056 ||| INVOKING Heroism.
  5122 | D:6      | 5122 ||| UPGRADING to +0 helmet.
  5127 | D:6      | 5127 ||| READING scroll labelled MEQUCLO EMMU.
  5393 | D:8      | Identified the +1 robe of the Peach {+Inv rC- Dex+2}
  5412 | D:8      | 5412 ||| INVOKING Heroism.
  5416 | D:8      | Reached skill level 16 in Ranged Weapons
  5440 | D:8      | 5440 ||| INVOKING Heroism.
  5444 | D:8      | Noticed a komodo dragon
  5452 | D:8      | Reached XP level 10. HP: 49/56 MP: 13/15
  5457 | D:8      | 5457 ||| INVOKING Heroism.
  5463 | D:8      | Reached **** piety under Okawaru
  5464 | D:8      | Reached skill level 6 in Dodging
  5464 | D:8      | 5464 ||| Stepping ~*~*~tactically~*~*~ (outnumbered).
  5465 | D:8      | 5465 ||| Stepping ~*~*~tactically~*~*~ (outnumbered).
  5481 | D:8      | 5481 ||| INVOKING Heroism.
  5647 | D:8      | Found a hazy altar of Hepliaklqana.
  6009 | D:8      | 6009 ||| DROPPING +1 robe of the Peach {+Inv rC- Dex+2}.
  6010 | D:8      | 6010 ||| READING 3 scrolls labelled JIACHEUKOCW.
  6011 | D:8      | 6011 ||| DROPPING 2 scrolls of noise.
  6052 | D:9      | 6052 ||| INVOKING Heroism.
  6176 | D:9      | Reached skill level 6 in Invocations
  6176 | D:9      | 6176 ||| FLEEEEING.
  6177 | D:9      | 6177 ||| FLEEEEING.
  6178 | D:9      | 6178 ||| FLEEEEING.
  6179 | D:9      | 6179 ||| FLEEEEING.
  6180 | D:9      | 6180 ||| FLEEEEING.
  6181 | D:9      | 6181 ||| FLEEEEING.
  6182 | D:9      | 6182 ||| FLEEEEING.
  6183 | D:9      | 6183 ||| FLEEEEING.
  6184 | D:9      | 6184 ||| FLEEEEING.
  6185 | D:9      | 6185 ||| FLEEEEING.
  6186 | D:9      | 6186 ||| FLEEEEING.
  6187 | D:9      | 6187 ||| FLEEEEING.
  6188 | D:9      | 6188 ||| FLEEEEING.
  6189 | D:9      | 6189 ||| FLEEEEING.
  6190 | D:9      | 6190 ||| FLEEEEING.
  6191 | D:9      | 6191 ||| FLEEEEING.
  6192 | D:9      | 6192 ||| FLEEEEING.
  6193 | D:9      | 6193 ||| FLEEEEING.
  6208 | D:9      | 6208 ||| INVOKING Heroism.
  6331 | D:9      | 6331 ||| INVOKING Heroism.
  6375 | D:9      | 6375 ||| INVOKING Heroism.
  6445 | D:9      | Reached ***** piety under Okawaru
  6589 | D:9      | 6589 ||| INVOKING Heroism.
  6705 | D:9      | 6705 ||| INVOKING Heroism.
  6715 | D:9      | Reached XP level 11. HP: 58/64 MP: 16/19
  6767 | D:9      | 6767 ||| INVOKING Heroism.
  6838 | D:9      | Reached skill level 6 in Fighting
  7027 | D:9      | Found a staircase to the Orcish Mines.
  7096 | D:9      | 7096 ||| DROPPING ring of wizardry.
  7097 | D:9      | 7097 ||| READING scroll labelled RIOWEU ROIMNUADE.
  7098 | D:9      | 7098 ||| READING 3 scrolls of identify.
  7098 | D:9      | 7098 ||| IDENTIFYING fizzy blue potion
  7125 | D:10     | Entered Level 10 of the Dungeon
  7221 | D:10     | 7221 ||| INVOKING Heroism.
  7327 | D:10     | 7327 ||| READING scroll of enchant weapon.
  7327 | D:10     | 7327 ||| ENCHANTING +3 orcbow of draining.
  7737 | D:10     | Reached skill level 3 in Armour
  7738 | D:10     | 7738 ||| INVOKING Heroism.
  7952 | D:10     | Identified the amulet "Syinut" {Acrobat rC+ Str+2 Stlth-}
  7985 | D:10     | 7985 ||| READING 3 scrolls of identify.
  7985 | D:10     | 7985 ||| IDENTIFYING silvery potion
  8014 | D:11     | Reached skill level 9 in Invocations
  8026 | D:11     | 8026 ||| STAIRDANCE
  8030 | D:10     | Received a gift from Okawaru
  8083 | D:10     | 8083 ||| SWAPPING to +2 heavy arbalest.
  8084 | D:10     | 8084 ||| DROPPING +4 orcbow of draining.
  8109 | D:11     | Noticed a boulder beetle
  8110 | D:11     | 8110 ||| INVOKING Heroism.
  8111 | D:11     | 8111 ||| INVOKING Finesse.
  8116 | D:11     | Killed a boulder beetle
  8157 | D:11     | Found a broken altar of Ashenzari.
  8172 | D:11     | Noticed a boulder beetle
  8173 | D:11     | 8173 ||| INVOKING Heroism.
  8174 | D:11     | 8174 ||| INVOKING Finesse.
  8182 | D:11     | Killed a boulder beetle
  8220 | D:11     | 8220 ||| Stepping randomly (disturbance).
  8317 | D:11     | Noticed a death yak
  8318 | D:11     | 8318 ||| INVOKING Heroism.
  8321 | D:11     | Killed a death yak
  8331 | D:11     | Received a gift from Okawaru
  8405 | D:11     | Found a staircase to the Lair.
  8480 | D:11     | Reached skill level 17 in Ranged Weapons
  8774 | D:11     | Found a bloodstained altar of Trog.
  8776 | D:11     | 8776 ||| INVOKING Heroism.
  8830 | D:11     | Found a runed translucent gate.
  8831 | D:11     | Found a runed translucent gate.
  8832 | D:11     | Found a runed translucent gate.
  8833 | D:11     | Noticed Texkoz's ghost (journeyman KoHu)
  8835 | D:11     | Noticed a ten-headed hydra
  8872 | D:11     | 8872 ||| READING scroll labelled HAEPTOPRIX.
  8873 | D:11     | 8873 ||| PLANNING LAIR
  9009 | Lair:1   | Entered Level 1 of the Lair of Beasts
  9050 | Lair:1   | 9050 ||| READING scroll of enchant weapon.
  9050 | Lair:1   | 9050 ||| ENCHANTING +2 heavy arbalest.
  9052 | Lair:1   | 9052 ||| INVOKING Heroism.
  9097 | Lair:1   | Reached skill level 18 in Ranged Weapons
  9118 | Lair:1   | Noticed a six-headed hydra
  9119 | Lair:1   | 9119 ||| INVOKING Heroism.
  9122 | Lair:1   | Killed a six-headed hydra
  9123 | Lair:1   | Reached skill level 9 in Dodging
  9123 | Lair:1   | Reached XP level 12. HP: 70/70 MP: 18/21
  9175 | Lair:1   | 9175 ||| INVOKING Heroism.
  9315 | Lair:1   | 9315 ||| INVOKING Heroism.
  9316 | Lair:1   | HP: 9/71 [cane toad (15)]
  9317 | Lair:1   | 9317 ||| READING 2 scrolls of teleportation.
  9317 | Lair:1   | HP: 1/71 [poisoned by a cane toad]
  9318 | Lair:1   | 9318 ||| DRINKING 6 potions of heal wounds.
  9320 | Lair:1   | 9320 ||| DRINKING 5 potions of heal wounds.
  9492 | Lair:1   | 9492 ||| INVOKING Heroism.
  9504 | Lair:1   | HP: 17/72 [yak (12)]
  9505 | Lair:1   | 9505 ||| READING scroll of teleportation.
  9506 | Lair:1   | 9506 ||| DRINKING 4 potions of heal wounds.
  9796 | Lair:1   | 9796 ||| INVOKING Heroism.
  9806 | Lair:1   | HP: 15/72 [wolf (5)]
  9807 | Lair:1   | 9807 ||| DRINKING 3 potions of heal wounds.
 10153 | Lair:1   | 10153 ||| INVOKING Heroism.
 10188 | Lair:1   | 10188 ||| INVOKING Heroism.
 10309 | Lair:1   | 10309 ||| UPGRADING to +2 helmet.
 10319 | Lair:1   | 10319 ||| DROPPING +0 helmet.
 10618 | Lair:2   | 10618 ||| INVOKING Heroism.
 10647 | Lair:2   | Noticed a five-headed hydra
 10650 | Lair:2   | Killed a five-headed hydra
 10669 | Lair:2   | Found a staircase to the Snake Pit.
 10678 | Lair:2   | 10678 ||| INVOKING Heroism.
 10713 | Lair:2   | Noticed a boulder beetle
 10713 | Lair:2   | 10713 ||| INVOKING Finesse.
 10719 | Lair:2   | 10719 ||| INVOKING Heroism.
 10727 | Lair:2   | Killed a boulder beetle
 10938 | Lair:2   | 10938 ||| INVOKING Heroism.
 11023 | Lair:2   | 11023 ||| INVOKING Heroism.
 11049 | Lair:2   | 11049 ||| INVOKING Heroism.
 11216 | Lair:3   | 11216 ||| INVOKING Heroism.
 11292 | Lair:3   | Received a gift from Okawaru
 11298 | Lair:3   | 11298 ||| INVOKING Heroism.
 11489 | Lair:3   | 11489 ||| INVOKING Heroism.
 11511 | Lair:3   | Reached skill level 9 in Fighting
 11660 | Lair:3   | 11660 ||| INVOKING Heroism.
 11669 | Lair:3   | Noticed a six-headed hydra
 11670 | Lair:3   | 11670 ||| Stepping ~*~*~tactically~*~*~ (outnumbered).
 11676 | Lair:3   | Killed a six-headed hydra
 11677 | Lair:3   | Reached XP level 13. HP: 36/80 MP: 22/22
 11681 | Lair:3   | Reached skill level 12 in Dodging
 11682 | Lair:3   | HP: 20/80 [poisoned by a water moccasin]
 11683 | Lair:3   | 11683 ||| DRINKING 2 potions of heal wounds.
 11690 | Lair:3   | 11690 ||| INVOKING Heroism.
 11721 | Lair:3   | HP: 5/80 [komodo dragon (24)]
 11722 | Lair:3   | 11722 ||| DRINKING potion of heal wounds.
 11723 | Lair:3   | 11723 ||| INVOKING Heroism.
 11733 | Lair:3   | 11733 ||| FLEEEEING.
 11743 | Lair:3   | HP: 9/80 [yak (13)]
 12069 | Lair:3   | 12069 ||| INVOKING Heroism.
 12070 | Lair:3   | 12070 ||| INVOKING Finesse.
 12098 | Lair:3   | 12098 ||| INVOKING Heroism.
 12184 | Lair:3   | Found a staircase to the Shoals.
 12222 | Lair:3   | 12222 ||| INVOKING Heroism.
 12240 | Lair:3   | 12240 ||| INVOKING Heroism.
 12825 | Lair:3   | 12825 ||| UPGRADING to scarf of resistance.
 12830 | Lair:3   | 12830 ||| UPGRADING to +0 pair of gloves.
 12835 | Lair:3   | 12835 ||| UPGRADING to +6 ring of strength.
 12883 | Lair:4   | 12883 ||| INVOKING Heroism.
 12886 | Lair:4   | 12886 ||| Stepping ~*~*~tactically~*~*~ (cloud).
 12895 | Lair:4   | 12895 ||| STAIRDANCE
 13069 | Lair:4   | 13069 ||| INVOKING Heroism.
 13121 | Lair:4   | 13121 ||| INVOKING Heroism.
 13135 | Lair:4   | 13135 ||| READING 6 scrolls of identify.
 13135 | Lair:4   | 13135 ||| IDENTIFYING sapphire potion
 13169 | Lair:4   | 13169 ||| INVOKING Heroism.
 13173 | Lair:4   | HP: 17/82 [dream sheep (10)]
 13415 | Lair:4   | 13415 ||| INVOKING Heroism.
 13462 | Lair:4   | 13462 ||| INVOKING Heroism.
 13463 | Lair:4   | 13463 ||| Stepping ~*~*~tactically~*~*~ (cloud).
 13466 | Lair:4   | 13466 ||| INVOKING Finesse.
 13467 | Lair:4   | 13467 ||| Stepping ~*~*~tactically~*~*~ (cloud).
 13472 | Lair:4   | 13472 ||| Stepping ~*~*~tactically~*~*~ (cloud).
 13473 | Lair:4   | 13473 ||| Stepping ~*~*~tactically~*~*~ (cloud).
 13479 | Lair:4   | 13479 ||| Stepping ~*~*~tactically~*~*~ (cloud).
 13523 | Lair:4   | 13523 ||| INVOKING Heroism.
 13651 | Lair:4   | 13651 ||| INVOKING Heroism.
 13652 | Lair:4   | 13652 ||| INVOKING Finesse.
 13687 | Lair:4   | 13687 ||| INVOKING Heroism.
 13785 | Lair:4   | 13785 ||| INVOKING Heroism.
 13793 | Lair:4   | Reached skill level 6 in Armour
 13822 | Lair:4   | You fall into a shaft and drop 1 floor!
 13822 | Lair:5   | Entered Level 5 of the Lair of Beasts
 13823 | Lair:5   | 13823 ||| INVOKING Heroism.
 13839 | Lair:5   | 13839 ||| INVOKING Finesse.
 13934 | Lair:5   | 13934 ||| INVOKING Heroism.
 13961 | Lair:5   | Reached XP level 14. HP: 39/88 MP: 23/23
 14020 | Lair:5   | 14020 ||| INVOKING Heroism.
 14276 | Lair:4   | 14276 ||| INVOKING Heroism.
 14277 | Lair:4   | 14277 ||| INVOKING Finesse.
 14289 | Lair:4   | Received a gift from Okawaru
 14506 | Lair:4   | 14506 ||| DROPPING +1 helmet of intelligence.
 14507 | Lair:4   | 14507 ||| INVOKING Heroism.
 14508 | Lair:4   | 14508 ||| INVOKING Finesse.
 14617 | Lair:4   | 14617 ||| INVOKING Heroism.
 15018 | Lair:5   | Reached skill level 15 in Dodging
 15024 | Lair:5   | 15024 ||| INVOKING Heroism.
 15184 | Lair:5   | 15184 ||| INVOKING Heroism.
 15186 | Lair:5   | HP: 19/90 [poisoned by a black mamba]
 15187 | Lair:5   | 15187 ||| DRINKING potion of heal wounds.
 15190 | Lair:5   | Succumbed to a black mamba's poison

Levels and vault maps discovered:
D:1:      dpeg_arrival_tiny_h, layout_basic, minmay_distorted
D:2:      layout_basic, shapermc_ecumenical_altar_ellora,
          nicolae_kite_square_tiling_tiny, grunt_ministairs_14,
          serial_bayou_pond_e, uniq_crazy_yiuf_cottage, uniq_sigmund
D:3:      layout_rooms, grunt_temple_overflow_open
D:4:      layout_loops_cross, old_standard_altar
D:5:      layout_gridville, minmay_temple_entry_trees, serial_shops,
          shop_statue, nicolae_ossuary_entry_ruins, minmay_misc_feat_encased,
          uniq_eustachio
D:6:      layout_basic, minmay_manual_monolith, uniq_duvessa
D:7:      layout_gridville, enter_bailey_3, uniq_joseph
D:8:      cheibrodos_barr_body, layout_basic,
          mainiacjoe_overflow_surrounded_room
D:9:      layout_loops_ring, hiddenorc1_lemuel
D:10:     layout_long_grid
D:11:     layout_gridville, david_lair_generic, gammafunk_ghost_hydra_chop,
          hangedman_feature_mirror
Lair:1:   layout_cave_pods
Lair:2:   layout_gridlike, guppyfry_snake_entry_garden
Lair:3:   nzn_winding_woodlands_small [nzn_winding_woodlands_5x15_zeroes,
          nzn_winding_woodlands_center_garden,
          nzn_winding_woodlands_5x15_concentric], layout_cellular_growth,
          minmay_shoals_entry_lonely_mermaid, serial_bayou_shore_a
Lair:4:   layout_gridlike, minmay_shattered_shrine, grunt_megastairs_5,
          infiniplex_staircase_pool
Lair:5:   hellmonk_lair_end_abyssal_woods, layout_gridlike, slime_entry_1,
          amcnicky_mini_pool_medium

Skill      XL: |  1  2  3  4  5  6  7  8  9 10 11 12 13 14 |
---------------+-------------------------------------------+-----
Ranged Weapons | 6 7 9 10 11 14 16 18 | 18.0
Fighting       | 2 3 4 5 6 9 10 11 | 11.0
Dodging        | 3 4 5 8 9 11 14 15 | 15.3
Armour         | 1 2 3 4 6 |  6.1
Invocations    | 4 8 10 | 10.1
Stealth        | |  1.2

Action                     |  1- 3 |  4- 6 |  7- 9 | 10-12 | 13-15 || total
---------------------------+-------+-------+-------+-------+-------++-------
   Fire: Shortbow          |   104 |   150 |   100 |       |       ||   354
         Orcbow            |       |       |   225 |   275 |       ||   500
         Arbalest          |       |       |       |   261 |   308 ||   569
 Invoke: Heroism           |       |       |     9 |    33 |    24 ||    66
         Finesse           |       |       |       |     3 |     6 ||     9
    Use: Scroll            |     1 |     2 |    11 |     9 |     1 ||    24
         Potion            |       |     2 |     5 |     4 |     3 ||    14
 Armour: Leather armour    |    11 |     3 |       |       |       ||    14
         Ring mail         |       |    21 |    47 |    76 |    74 ||   218
  Dodge: Dodged            |    20 |    39 |    60 |   286 |   245 ||   650

Table legend:
 A = Non-vault XP
 B = Vault XP
 C = Vault XP percentage of total XP
 D = Non-vault monster count
 E = Vault monster count
 F = Vault count percentage of total count
                 A         B        C        D         E       F
            +---------+---------+-------+---------+---------+-------
      Total |   51445 |   23342 |  31.2 |     342 |     125 |  26.8
            +---------+---------+-------+---------+---------+-------
        D:1 |      61 |       3 |   4.7 |      26 |       3 |  10.3
        D:2 |      56 |     224 |  80.0 |      19 |       2 |   9.5
        D:3 |      29 |       0 |   0.0 |      10 |       0 |   0.0
        D:4 |     363 |       0 |   0.0 |      17 |       0 |   0.0
        D:5 |     556 |     208 |  27.2 |      16 |       1 |   5.9
        D:6 |    1003 |    1705 |  63.0 |      19 |       8 |  29.6
        D:7 |     491 |       7 |   1.4 |      16 |       4 |  20.0
        D:8 |     688 |    1574 |  69.6 |       9 |      15 |  62.5
        D:9 |    5059 |     173 |   3.3 |      31 |      17 |  35.4
       D:10 |    1603 |       0 |   0.0 |      13 |       0 |   0.0
       D:11 |    2999 |    2593 |  46.4 |      18 |       7 |  28.0
     Lair:1 |    7140 |       0 |   0.0 |      29 |       0 |   0.0
     Lair:2 |    5925 |     332 |   5.3 |      25 |       2 |   7.4
     Lair:3 |    8093 |    4562 |  36.0 |      34 |      19 |  35.8
     Lair:4 |   10408 |    8114 |  43.8 |      34 |      12 |  26.1
     Lair:5 |    6971 |    3692 |  34.6 |      26 |      19 |  42.2
    Ossuary |       0 |     155 | 100.0 |       0 |      16 | 100.0
            +---------+---------+-------+---------+---------+-------
